 Dungeon Crawl Stone Soup version 0.30-a0-728-gc68057be0a (webtiles) character file.

Game seed: 17554674638554956791

48 Dittersdorf the Trooper (level 3, -2/24 HPs)
             Began as a Gargoyle Fighter on Jan 30, 2023.
             Slain by a gnoll
             ... wielding a +0 halberd
              (4 damage)
             ... on level 2 of the Dungeon.
             The game lasted 00:01:03 (726 turns).

Dittersdorf the Trooper (Gargoyle Fighter)           Turns: 726, Time: 00:01:03

Health: -2/24      AC: 10    Str: 21    XL:     3   Next: 72%
Magic:  3/3        EV:  9    Int:  8    God:
Gold:   52         SH:  4    Dex:  9    Spells: 2/2 levels left

rFire   . . .      SeeInvis .    a - +0 flail
rCold   . . .      Faith    .    c - +0 buckler
rNeg    + . .      Spirit   .    b - +0 scale mail
rPois   ∞          Reflect  .    (no helmet)
rElec   +          Harm     .    (no cloak)
rCorr   .          Rampage  .    (no gloves)
Will    .....                    (no boots) Stlth
                                 (no amulet)
HPRegen 0.24/turn                (no ring)
MPRegen 0.08/turn                (no ring)

@: no status effects
A: sickness immunity, AC +3, negative energy resistance 1, electricity
resistance, torment resistance 1, petrification resistance
a: no special abilities


You were on level 2 of the Dungeon.
You visited 1 branch of the dungeon, and saw 2 of its levels.

You collected 52 gold pieces.

Inventory:

Hand Weapons
 a - a +0 flail (weapon)
Missiles
 n - 7 poisoned darts (quivered)
Armour
 b - a +0 scale mail (worn)
 c - a +0 buckler (worn)
Scrolls
 e - 2 scrolls of identify {unknown}
 j - a scroll of brand weapon {unknown}
 l - a scroll of magic mapping {unknown}
 q - a scroll of acquirement {unknown}
 s - 2 scrolls of blinking {unknown}
Potions
 d - a potion of might
 f - a potion of brilliance {unknown}
 g - 2 potions of flight {unknown}
 h - a potion of curing {unknown}
 i - a potion of mutation {unknown}
 k - a potion of lignification {unknown}
 m - a potion of heal wounds {unknown}
 o - a potion of invisibility {unknown}
 p - a potion of attraction {unknown}
 r - a potion of degeneration {unknown}


   Skills:
 + Level 3.8 Fighting
 + Level 2.5 Maces & Flails
 + Level 3.8 Armour
 + Level 3.7 Shields


You had 2 spell levels left.
You didn't know any spells.
Your spell library was empty.

Dungeon Overview and Level Annotations

Branches:
Dungeon (2/15)

Altars:


Innate Abilities, Weirdness & Mutations

You are immune to sickness and miasma.
Your stone body is resilient. (AC +3)
You are immune to poison.
You resist negative energy. (rN+)
You are resistant to electric shocks. (rElec)
You are resistant to unholy torment.
You are immune to petrification.


Message History

You are too injured to fight recklessly!
You are too injured to fight recklessly!
You are too injured to fight recklessly!
You are too injured to fight recklessly!
You completely miss the gnoll.
The gnoll is lightly wounded.
The gnoll completely misses you. The gnoll hits you with a +0 halberd.
* * * LOW HITPOINT WARNING * * *
You barely miss the gnoll.
The gnoll is lightly wounded.
The gnoll barely misses you.
You barely miss the gnoll.
The gnoll is lightly wounded.
The gnoll hits you but does no damage.
You barely miss the gnoll.
The gnoll is lightly wounded.
The gnoll barely misses you.
You barely miss the gnoll.
The gnoll is lightly wounded.
The gnoll closely misses you. You block the gnoll's attack.
You hit the gnoll.
The gnoll is severely wounded.
The gnoll closely misses you.
You hit the gnoll.
The gnoll is severely wounded.
You block the gnoll's attack.
You closely miss the gnoll.
The gnoll is severely wounded.
The gnoll barely misses you. The gnoll hits you but does no damage.
You barely miss the gnoll.
The gnoll is severely wounded.
The gnoll hits you but does no damage.
You hit the gnoll but do no damage.
The gnoll is severely wounded.
The gnoll hits you with a +0 halberd.
* * * LOW HITPOINT WARNING * * *
You barely miss the gnoll.
The gnoll is severely wounded.
The gnoll hits you with a +0 halberd.
You die...

### ## #.. .#
#.####.# #.#....#
###.#.#..#
####...@<#..######
#.....g.##.......#
#......)......##
#........#.....# #
######+#.#.....#.#
#.#.#.....#.###..
#.#..............
##.#....##.#.#.#..
#..>.#####.# #


You could see a gnoll.

Vanquished Creatures
  2 gnolls (D:1)
  A dart slug (D:1)
  2 ball pythons (D:1)
  3 bats (D:1)
  An endoplasm (D:1)
  A giant cockroach (D:1)
  A goblin (D:2)
  A hobgoblin (D:1)
  3 jackals (D:1)
  2 kobolds (D:1)
  2 quokkas (D:1)
  2 frilled lizards (D:1)
  4 rats (D:1)
25 creatures vanquished.

Vanquished Creatures (others)
  4 toadstools (D:1)
4 creatures vanquished.

Grand Total: 29 creatures vanquished

Notes
Turn   | Place    | Note
-------+----------+-------------------------------------------
     0 | D:1      | Dittersdorf the Gargoyle Fighter began the quest for the
                  | Orb.
     0 | D:1      | Reached XP level 1. HP: 14/14 MP: 1/1
   116 | D:1      | Reached XP level 2. HP: 16/19 MP: 2/2
   495 | D:1      | Reached XP level 3. HP: 21/23 MP: 3/3
   726 | D:2      | Slain by a gnoll

Illustrated notes

Levels and vault maps discovered:
D:1:      ldierk_walled_garden_2, layout_rooms, minmay_3d_cube
D:2:      layout_basic, shapermc_ecumenical_altar_notcrosses,
          hangedman_decor_clover_reticule

Action                     || total
---------------------------++-------
  Melee: Flail             ||    83
 Armour: Scale mail        ||    40
  Dodge: Dodged            ||    32
  Block: Buckler           ||    17

Table legend: (Time is in decaauts)
 A = Elapsed time spent in this place.
 B = Non-inter-level travel time spent in this place.
 C = Inter-level travel time spent in this place.
 D = Time resting spent in this place.
 E = Time spent auto-exploring this place.
 F = Levels seen in this place.
 G = Mean time per level.
                   A        B        C        D        E       F      G
               +--------+--------+--------+--------+--------+-----+--------+
         Total |    754 |    721 |     33 |     83 |    425 |   2 |  377.0 |
       Dungeon |    754 |    721 |     33 |     83 |    425 |   2 |  377.0 |
               +--------+--------+--------+--------+--------+-----+--------+

Top non-repeatable levels by time:
     D:1: 667 daAuts
     D:2: 86 daAuts
